 Dungeon Crawl Stone Soup version 0.17-a0-1468-gbf503c2 (webtiles) character file.

203 pulse the Chopper (level 6, 0/47 HPs)
             Began as a Formicid Berserker on July 1, 2015.
             Was a Priest of Trog.
             Slain by Grinder (1 damage)
             ... on level 2 of the Dungeon.
             The game lasted 00:05:25 (3152 turns).

pulse the Chopper (Formicid Berserker)              Turns: 3152, Time: 00:05:25

Health: 0/47       AC:  8    Str: 24    XL:     6   Next: 8%
Magic:  15/15      EV: 11    Int: 11    God:    Trog [***...]
Gold:   189        SH:  0    Dex: 10    Spells: 0 memorised, 5 levels left

rFire  . . .     SeeInvis +     a - +0 hand axe
rCold  . . .     Clarity  .     c - +0 chain mail
rNeg   . . .     SustAt   .     (no shield)
rPois  .         Gourm    .     (helmet unavailable)
rElec  .         Spirit   .     (no cloak)
rCorr  .         Warding  .     (no gloves)
rMut   .         Stasis   +     (no boots)
MR     .....                    (no amulet)
Stlth  ..........               i - ring of magical power
                                f - +3 ring of evasion

@: brilliant, lethally poisoned (0 -> -3), not resistant to hostile
enchantments, extremely unstealthy
A: permanent stasis, dig shafts and tunnels, four strong arms, antennae 3
a: Dig, Shaft Self, Burn Spellbooks, Trog's Hand, Renounce Religion


You were on level 2 of the Dungeon.
You worshipped Trog.
Trog was most pleased with you.
You were not hungry.

You visited 1 branch of the dungeon, and saw 3 of its levels.

You collected 189 gold pieces.

Inventory:

Hand weapons
 a - a +0 hand axe (weapon)
Armour
 c - a +0 chain mail (worn)
 j - a +0 ring mail
Jewellery
 f - a +3 ring of evasion (left hand)
 i - a ring of magical power (right hand)
Magical devices
 l - a wand of random effects (34)
Scrolls
 b - 4 scrolls of identify {unknown}
 e - 2 scrolls of blinking {unknown}
 h - a scroll of noise {unknown}
 m - a scroll of magic mapping {unknown}
 n - a scroll of amnesia {unknown}
Comestibles
 k - 3 meat rations


   Skills:
 - Level 3.2 Fighting
 * Level 6.1 Axes
 - Level 2.1 Armour
 - Level 1.7 Dodging
 + Level 1.6 Stealth


You had 5 spell levels left.
You didn't know any spells.

Dungeon Overview and Level Annotations

Branches:
Dungeon (3/15)

Altars:
Elyvilon

Annotations:
D:2 Grinder


Innate Abilities, Weirdness & Mutations

You are under a permanent stasis effect.
You can dig through walls and to a lower floor.
Your four strong arms can wield two-handed weapons with a shield.
You have a pair of large antennae on your head (SInv).


Message History

You feel sick.
* * * LOW HITPOINT WARNING * * *
You feel sick.
Grinder gestures.
Grinder blinks!
* * * LOW HITPOINT WARNING * * *
You feel sick.
You are too injured to fight recklessly!
You are too injured to fight recklessly!
You are too injured to fight recklessly!
You are too injured to fight recklessly!
You are too injured to fight recklessly!
You hit Grinder.
Grinder is heavily wounded.
* * * LOW HITPOINT WARNING * * *
You feel sick. Grinder hits you but does no damage.
You slash Grinder!
Grinder is severely wounded.
Grinder hits you.
You die...

.>.............##...##.##.######.
...........#..#####..#.(.....####
......######..# ##.####.##....#
......####...#######.........##..
..................###........###.
....>...........#.####.......# ##
..........>...)....# ##.#.#### #
###...........[....####.##### # #
#.............@....##.#...# # #
#.............5.##..#.#...# # #
#...............###.......### # #
#...............# ###.......# # #
##.............## #.......# #
##.....#.....## ###...### #
############# #...# # #...# #
#####


You could see Grinder.

Vanquished Creatures
  Ijyb (D:1)
  Terence (D:2)
  Natasha (D:1)
  5 adders
  2 oozes
  2 worms (D:2)
  A giant gecko (D:2)
  2 orcs (D:3)
  9 bats
  6 giant cockroaches
  5 hobgoblins
  2 jackals (D:1)
  A quokka (D:2)
  A ball python (D:1)
  5 giant newts
  8 goblins
  9 kobolds
  4 rats
65 creatures vanquished.

Vanquished Creatures (others)
  A giant newt (D:3)
  A kobold (D:1)
2 creatures vanquished.

Grand Total: 67 creatures vanquished

Notes
Turn   | Place    | Note
--------------------------------------------------------------
     0 | D:1      | pulse the Formicid Berserker began the quest for the Orb.
     0 | D:1      | Reached XP level 1. HP: 18/18 MP: 1/1
   200 | D:1      | Reached XP level 2. HP: 14/24 MP: 2/2
   600 | D:1      | Reached skill level 4 in Axes
   600 | D:1      | Reached XP level 3. HP: 24/29 MP: 3/3
   648 | D:1      | Acquired Trog's second power
   932 | D:2      | Noticed Ijyb
   943 | D:2      | Noticed Natasha
   956 | D:1      | Killed Ijyb
   956 | D:1      | Reached XP level 4. HP: 26/35 MP: 4/4
  1042 | D:1      | Killed Natasha
  1042 | D:1      | Reached skill level 5 in Axes
  1307 | D:2      | Reached XP level 5. HP: 21/41 MP: 5/5
  1604 | D:2      | Noticed Terence
  1635 | D:2      | Killed Terence
  1635 | D:2      | Reached skill level 1 in Stealth
  2157 | D:3      | Noticed Grinder
  2171 | D:2      | You fall through a shaft!
  2509 | D:3      | Found a white marble altar of Elyvilon.
  2827 | D:3      | Reached skill level 6 in Axes
  2827 | D:3      | Reached XP level 6. HP: 33/47 MP: 6/6
  3122 | D:2      | HP: 1/47 [Grinder (2)]
  3147 | D:2      | HP: 2/47 [poisoned by an adder]
  3152 | D:2      | Slain by Grinder

Vault maps used:
D:1:      matt_arrival_grand_opening, minmay_surrounded
D:2:      uniq_iyjb, uniq_natasha, uniq_terence
D:3:      hangedman_decor_clover_reticule, elyvilon_altar_4, uniq_grinder

Action                   |  1- 3 |  4- 6 || total
-------------------------+-------+-------++-------
Melee: Hand axe          |   112 |   179 ||   291
Invok: Trog's Hand       |       |     1 ||     1
 Abil: Shaft Self        |       |     1 ||     1
  Use: Potion            |     1 |     3 ||     4
 Stab: Sleeping          |     1 |       ||     1
  Eat: Chunk             |       |     4 ||     4
       Bread ration      |       |     1 ||     1
